 Dungeon Crawl Stone Soup version 0.28.0-43-g3370ac3207 (webtiles) character file.

Game seed: 3089274595925475361

111 vvl the Stinger (level 4, -1/32 HPs)
             Began as a Demonspawn Venom Mage on Mar 9, 2022.
             Killed from afar by a white imp (4 damage)
             ... with a puff of frost
             ... summoned by Natasha
             ... on level 3 of the Dungeon.
             The game lasted 00:04:20 (2623 turns).

vvl the Stinger (Demonspawn Venom Mage)             Turns: 2623, Time: 00:04:20

Health: -1/32      AC:  4    Str:  9    XL:     4   Next: 62%
Magic:  2/7        EV: 11    Int: 18    God:
Gold:   67         SH:  4    Dex: 13    Spells: 6/7 levels left

rFire   . . .      SeeInvis .   j - +4 dagger
rCold   + . .      Faith    .   (no shield)
rNeg    . . .      Spirit   .   k - +0 leather armour
rPois   .          Reflect  .   (no helmet)
rElec   .          Harm     .   (no cloak)
rCorr   .          Rampage  .   (no gloves)
Will    .....                   o - +0 pair of boots
Stlth   ++........              (no amulet)
HPRegen 0.10/turn               i - ring of protection from cold
MPRegen 0.10/turn               (no ring)

@: very slightly contaminated
A: large bone plates 1
a: no special abilities


You were on level 3 of the Dungeon.
You visited 1 branch of the dungeon, and saw 3 of its levels.

You collected 67 gold pieces.

Inventory:

Hand Weapons
 j - a +4 dagger (weapon)
Armour
 k - a +0 leather armour (worn)
 o - a +0 pair of boots (worn)
Jewellery
 i - a ring of protection from cold (left hand)
Scrolls
 a - a scroll of enchant weapon {unknown}
 c - a scroll of enchant armour {unknown}
 e - a scroll of immolation
 m - a scroll of silence {unknown}
 p - a scroll of magic mapping {unknown}
Potions
 b - a potion of flight {unknown}
 d - 3 potions of mutation {unknown}
 f - a potion of lignification {unknown}
 g - a potion of ambrosia {unknown}
 h - a potion of resistance {unknown}
 l - a potion of cancellation {unknown}
 n - a potion of curing {unknown}


   Skills:
 + Level 1.2 Fighting
 + Level 0.2 Armour
 - Level 2.0 Dodging
 - Level 2.0 Stealth
 + Level 2.4 Spellcasting
 + Level 1.4 Necromancy
 + Level 1.6 Transmutations
 * Level 4.0 Poison Magic


You had 6 spell levels left.
You knew the following spells:

 Your Spells              Type           Power      Damage    Failure   Level
a - Sting                 Tmut/Pois      48%        1d5       8%          1

Your spell library contained the following spells:

 Spells                   Type           Power      Damage    Failure   Level
 Poisonous Vapours        Pois/Air       18%        N/A       16%         2
 Mephitic Cloud           Conj/Pois/Air  7%         N/A       38%         3
 Olgreb's Toxic Radiance  Pois           16%        N/A       43%         4
 Leda's Liquefaction      Hex/Erth       1%         N/A       94%         4
 Lee's Rapid Deconstruct  Erth           1%         3d5*      100%        5
 Statue Form              Tmut/Erth      3%         N/A       100%        6


Dungeon Overview and Level Annotations

Branches:
Dungeon (3/15)

Altars:

Annotations:
D:3 Natasha


Innate Abilities, Weirdness & Mutations

You are partially covered in large bone plates. (SH +4)


Message History

Confirm with . or Enter, or press ? or * to list all spells.
Aiming: Sting (safe; 8% risk of failure)
Press: ? - help, Shift-Dir - straight line, f/p - Natasha
Aim: Natasha (lightly wounded, very poisoned, 64% to hit)
You miscast Sting.
You are very lightly contaminated with residual magic.
Nothing appears to happen.
Natasha mumbles some strange words.
Natasha glows brightly for a moment.
You block Natasha's attack. The shadow imp closely misses you.
The shadow imp barely misses you.
Casting: Sting (safe; 8% risk of failure)
Confirm with . or Enter, or press ? or * to list all spells.
Aiming: Sting (safe; 8% risk of failure)
Press: ? - help, Shift-Dir - straight line, f/p - Natasha
Aim: Natasha (lightly wounded, very poisoned, 64% to hit)
The sting hits Natasha.
Natasha looks even sicker.
Natasha is lightly wounded.
Natasha claws you. The shadow imp closely misses you.
You block the shadow imp's attack.
Casting: Sting (safe; 8% risk of failure)
Confirm with . or Enter, or press ? or * to list all spells.
Aiming: Sting (safe; 8% risk of failure)
Press: ? - help, Shift-Dir - straight line, f/p - Natasha
Aim: Natasha (moderately wounded, very poisoned, 64% to hit)
The sting hits Natasha but does no damage.
Natasha looks as sick as possible!
Natasha is moderately wounded.
Natasha mumbles some strange words.
The shadow imp hits you. The shadow imp barely misses you.
Natasha howls an incantation.
Natasha glows brightly for a moment.
The shadow imp gestures at you. Pain shoots through your body!
* * * LOW HITPOINT WARNING * * *
The shadow imp gestures at you.
You barely resist. The white imp gestures at you. The puff of frost hits you.
You resist.
You die...

#### #....... . # ...
#.....# ..# #.
#.###.....### ....#.#
#............#
.......####...†........
#..†...............
#..#......)........
.##.#####...........
....###...@.........
#..........h..5.....
##....?....5........
#.##.[.#..5........ ..
##...#######...# ##..#
.... #... #.. #..##
#...


You could see Natasha (extremely poisoned), a white imp (summoned) and 2 shadow
imps.

Vanquished Creatures
  Terence (D:2)
  Natasha (D:3)
  2 adders (D:2)
  A gnoll (D:1)
  A worm (D:3)
  2 endoplasms (D:1)
  2 giant cockroaches (D:2)
  5 goblins
  4 hobgoblins
  4 ball pythons (D:2)
  3 bats
  A frilled lizard (D:1)
  A kobold (D:2)
  4 rats
32 creatures vanquished.

Notes
Turn   | Place    | Note
-------+----------+-------------------------------------------
     0 | D:1      | vvl the Demonspawn Venom Mage began the quest for the Orb.
     0 | D:1      | Reached XP level 1. HP: 13/13 MP: 3/3
    88 | D:1      | Found a faded altar of an unknown god.
   178 | D:1      | Reached skill level 1 in Transmutations
   694 | D:1      | Gained mutation: You are partially covered in large bone
                  | plates. (SH +4) [demonic ancestry]
   694 | D:1      | Reached XP level 2. HP: 19/19 MP: 3/5
  1208 | D:2      | Reached XP level 3. HP: 7/25 MP: 1/6
  1613 | D:2      | Noticed Terence
  1622 | D:2      | Killed Terence
  1623 | D:2      | Reached skill level 1 in Fighting
  1623 | D:2      | Reached skill level 1 in Necromancy
  1871 | D:2      | Reached XP level 4. HP: 27/32 MP: 4/7
  2510 | D:3      | Noticed Natasha
  2521 | D:3      | Killed Natasha
  2526 | D:3      | Reached skill level 4 in Poison Magic
  2611 | D:3      | Noticed Natasha
  2623 | D:3      | Killed from afar by a white imp

Illustrated notes

Levels and vault maps discovered:
D:1:      saegor_arrival_simple_d, layout_basic,
          hellmonk_ecumenical_altar_blasted
D:2:      layout_basic, uniq_terence
D:3:      layout_rooms, grunt_temple_overflow_open, uniq_grinder, uniq_robin,
          uniq_natasha, uniq_ijyb

Skill      XL: |  1  2  3  4 |
---------------+-------------+-----
Transmutations | 1 |  1.6
Stealth        | 2 |  2.0
Dodging        | 2 |  2.0
Fighting       | 1 |  1.2
Necromancy     | 1 |  1.4
Poison Magic   | 4 |  4.0
Armour         | |  0.2
Spellcasting   | |  2.4

Action                   |  1- 3 |  4- 6 || total
-------------------------+-------+-------++-------
Melee: Unarmed           |     5 |       ||     5
       Dagger            |    22 |    12 ||    34
       Punch             |     1 |       ||     1
 Cast: Sting             |    38 |    20 ||    58
 Stab: Sleeping          |     1 |       ||     1
Armor: Robe              |     1 |     1 ||     2
       Leather armour    |       |     4 ||     4
Dodge: Dodged            |    24 |    19 ||    43
Block: Other             |     7 |    12 ||    19
